 Dungeon Crawl Stone Soup version 0.28-a0-1513-ge4f4046303 (webtiles) character file.

Game seed: 18423802996645393163

51 Anathary the Skirmisher (level 3, -1/43 HPs)
             Began as a Demonspawn Berserker on Jan 16, 2022.
             Was a Believer of Trog.
             Slain by a goblin (3 damage)
             ... led by Robin
             ... on level 2 of the Dungeon.
             The game lasted 00:05:42 (1400 turns).

Anathary the Skirmisher (Demonspawn Berserker)      Turns: 1400, Time: 00:05:42

Health: -1/43      AC: 21    Str: 19    XL:     3   Next: 57%
Magic:  3/3        EV:  2    Int:  8    God:    Trog [**....]
Gold:   18         SH:  0    Dex: 12    Spells: 2/2 levels left

rFire   . . .      SeeInvis .   a - +0 falchion
rCold   . . .      Faith    .   (no shield)
rNeg    . . .      Spirit   .   (armour currently unavailable)
rPois   +          Reflect  .   (helmet currently unavailable)
rElec   .          Harm     .   (cloak currently unavailable)
rCorr   .          Rampage  .   (gloves currently unavailable)
Will    .....      NoTele   +   (boots currently unavailable)
Stlth   +.........              (no amulet)
HPRegen 0.14/turn               (no ring)
MPRegen 0.08/turn               (no ring)

@: tree-form
A: stationary, stasis, torment immunity, boosted hp, (icy blue scales 1)
a: Renounce Religion, Berserk, Trog's Hand


You were on level 2 of the Dungeon.
You worshipped Trog.
Trog was pleased with you.
You were a tree.
You visited 1 branch of the dungeon, and saw 2 of its levels.

You collected 18 gold pieces.

Inventory:

Hand Weapons
 a - a +0 falchion (weapon)
Armour
 f - a +0 ring mail (melded)
 h - a scarf of resistance (melded)
 i - a +2 hat (melded)
Jewellery
 b - a ring of positive energy
 g - an amulet of magic regeneration
Scrolls
 c - 3 scrolls of identify {unknown}
 d - a scroll of brand weapon {unknown}


   Skills:
 + Level 3.6 Fighting
 + Level 3.4 Long Blades
 + Level 2.1 Armour
 - Level 1.9 Dodging


You had 2 spell levels left.
You didn't know any spells.
Your spell library was empty.

Dungeon Overview and Level Annotations

Branches:
Dungeon (2/15)

Altars:

Annotations:
D:2 Robin


Innate Abilities, Weirdness & Mutations

You are a tree.
Your roots penetrate the ground, keeping you stationary.
You cannot be teleported.
You are immune to unholy pain and torment.
Your maximum health is greatly increased.
Your equipment is partially melded.
((You are partially covered in icy blue scales. (AC +2)))


Message History

Robin roars a battlecry!
The goblins go into a battle-frenzy!
The goblin hits you with a +0 club.
* * * LOW HITPOINT WARNING * * *
The goblin closely misses you.
You hit the goblin.
You kill the goblin!
Trog accepts your kill. The goblin hits you with a +0 club.
* * * LOW HITPOINT WARNING * * *
It was a potion of lignification.
You turn into a tree.
Your scarf of resistance melds into your body.
Your +2 hat melds into your body.
Your +0 ring mail melds into your body.
You feel hot and cold all over.
Your roots penetrate the ground.
Robin throws the goblin at you! The goblin hits you with a +0 club.
* * * LOW HITPOINT WARNING * * *
The goblin hits you but does no damage.
Unknown command.
You barely miss the goblin.
The goblin hits you but does no damage. x2
You slash the goblin!
You kill the goblin!
Trog accepts your kill. The goblin hits you but does no damage.
You cannot move.
You cannot move.
You cannot move.
You cannot move.
You cannot move.
You cannot move.
There are monsters nearby!
There are monsters nearby!
There are monsters nearby!
There are monsters nearby!
There are monsters nearby!
There are monsters nearby!
There are monsters nearby!
There are monsters nearby!
The goblin barely misses you. The goblin hits you with a +0 club.
You die...

# .. ##+## ... ##...##
.... ##.^...## # .....
##.......## ##
#..gg####.........####.
#..Bgg♣)'.........'....
#...gg####.........####.
#.##. ##.......## ## #
##.....## # ##...##
##+##


You could see Robin, a giant cockroach, 4 hobgoblins and a goblin (strong).

Vanquished Creatures
  An adder (D:2)
  A dart slug (D:1)
  A bat (D:2)
  7 endoplasms
  A giant cockroach (D:1)
  11 goblins
  2 hobgoblins
  3 jackals (D:1)
  2 ball pythons
  3 frilled lizards (D:1)
32 creatures vanquished.

Notes
Turn   | Place    | Note
-------+----------+-------------------------------------------
     0 | D:1      | Anathary the Demonspawn Berserker began the quest for the
                  | Orb.
     0 | D:1      | Reached XP level 1. HP: 18/18 MP: 1/1
   304 | D:1      | Found a faded altar of an unknown god.
   319 | D:1      | Gained mutation: You are partially covered in icy blue
                  | scales. (AC +2) [demonic ancestry]
   319 | D:1      | Reached XP level 2. HP: 23/24 MP: 2/2
  1078 | D:2      | Reached XP level 3. HP: 28/29 MP: 3/3
  1376 | D:2      | Noticed Robin
  1392 | D:2      | Reached ** piety under Trog
  1396 | D:2      | HP: 2/43 [goblin[Robin] (4)]
  1400 | D:2      | Slain by a goblin

Illustrated notes

Levels and vault maps discovered:
D:1:      scummos_arrival_simple_fountains, layout_basic, basic_ecumenical_altar
D:2:      layout_loops_corners, uniq_terence, uniq_crazy_yiuf_cottage,
          uniq_robin

Skill      XL: |  1  2  3 |
---------------+----------+-----
Long Blades    | 3 |  3.4
Armour         | 2 |  2.1
Fighting       | |  3.6
Dodging        | |  1.9

Action                   || total
-------------------------++-------
Melee: Falchion          ||    90
  Use: Potion            ||     1
Armor: Animal skin       ||     4
       Ring mail         ||    37
       Skin              ||     5
Dodge: Dodged            ||    56

Table legend: (Time is in decaauts)
 A = Elapsed time spent in this place.
 B = Non-inter-level travel time spent in this place.
 C = Inter-level travel time spent in this place.
 D = Time resting spent in this place.
 E = Time spent auto-exploring this place.
 F = Levels seen in this place.
 G = Mean time per level.
                   A        B        C        D        E       F      G
               +--------+--------+--------+--------+--------+-----+--------+
         Total |   1413 |   1410 |      3 |    525 |    240 |   2 |  706.5 |
       Dungeon |   1413 |   1410 |      3 |    525 |    240 |   2 |  706.5 |
               +--------+--------+--------+--------+--------+-----+--------+

Top non-repeatable levels by time:
     D:1: 1034 daAuts
     D:2: 378 daAuts
